 Dungeon Crawl Stone Soup version 0.29-a0-222-g5b244fca1f (webtiles) character file.

Game seed: 10900865768334704246

608 drugrobin the Chopper (level 6, -5/51 HPs)
             Began as a Demigod Fighter on Feb 28, 2022.
             Slain by Prince Ribbit (11 damage)
             ... on level 5 of the Dungeon.
             The game lasted 00:10:27 (5089 turns).

drugrobin the Chopper (Demigod Fighter)             Turns: 5089, Time: 00:10:27

Health: -5/51      AC:  7    Str: 25    XL:     6   Next: 99%
Magic:  8/8        EV:  9    Int: 10    God:
Gold:   191        SH:  4    Dex: 13    Spells: 5/5 levels left

rFire   . . .      SeeInvis .   c - +0 whip (venom)
rCold   . . .      Faith    .   w - +0 buckler
rNeg    . . .      Spirit   .   k - +0 scale mail
rPois   .          Reflect  .   (helmet restricted)
rElec   .          Harm     .   (no cloak)
rCorr   .          Rampage  .   (no gloves)
Will    .....                   y - +0 pair of boots
Stlth   ..........              (no amulet)
HPRegen 0.17/turn               (no ring)
MPRegen 0.11/turn               (no ring)

@: brilliant
A: high MP 1, forlorn, divine attributes, horns 1
a: no special abilities


You were on level 5 of the Dungeon.
You visited 1 branch of the dungeon, and saw 5 of its levels.

You collected 191 gold pieces.

Inventory:

Hand Weapons
 a - a +0 war axe
 b - a +0 hunting sling
 c - a +0 whip of venom (weapon)
 u - a +3 mace
Missiles
 d - 3 boomerangs (quivered)
 o - 5 poisoned darts
 p - 153 stones
Armour
 k - a +0 scale mail (worn)
 w - a +0 buckler (worn)
 y - a +0 pair of boots (worn)
Jewellery
 g - a ring of flight
 h - a ring of fire
Scrolls
 e - 2 scrolls of identify {unknown}
 i - a scroll of enchant weapon {unknown}
 l - a scroll of acquirement {unknown}
 m - a scroll of teleportation {unknown}
 s - a scroll of fear {unknown}
 t - 2 scrolls of fog {unknown}
 v - a scroll of immolation {unknown}
Potions
 j - a potion of lignification {unknown}
 n - a potion of degeneration {unknown}
 q - a potion of curing {unknown}
 r - a potion of brilliance
 x - a potion of heal wounds {unknown}


   Skills:
 + Level 3.5 Fighting
 + Level 7.0 Axes
 - Level 2.6 Armour
 - Level 2.6 Shields


You had 5 spell levels left.
You didn't know any spells.
Your spell library contained the following spells:

 Spells                   Type           Power      Damage    Failure   Level
 Scorch                   Fire           0%         2d5       88%         2
 Stone Arrow              Conj/Erth      0%         3d7       98%         3
 Airstrike                Air            0%         N/A       100%        4
 Animate Armour           Summ/Erth      0%         N/A       100%        4
 Flame Wave               Conj/Fire      0%         2d4       100%        4
 Summon Lightning Spire   Summ/Air       0%         N/A       100%        4
 Lightning Bolt           Conj/Air       0%         1d11      100%        5
 Summon Cactus Giant      Summ           0%         N/A       100%        6
 Lehudib's Crystal Spear  Conj/Erth      0%         10d2      100%        8


Dungeon Overview and Level Annotations

Branches:
Dungeon (5/15)
 Temple: D:4-7

Annotations:
D:5 Prince Ribbit


Innate Abilities, Weirdness & Mutations

You have an increased reservoir of magic. (+10% MP)
You shall have no god before yourself.
Your divine heritage dramatically boosts your attributes as you level up.
You have a pair of small horns on your head.


Message History

* * * LOW HITPOINT WARNING * * *
Unknown command.
Unknown command.
Unknown command.
Unknown command.
Okay, then.
Okay, then.
Unknown command.
You hit the iguana but do no damage.
The iguana looks as sick as possible!
The iguana is almost dead.
Prince Ribbit barely misses you. The iguana closely misses you.
Prince Ribbit barely misses you.
Unknown command.
Unknown command.
Unknown command.
Unknown command.
Unknown command.
Unknown command.
Unknown command.
Unknown command.
You whack Prince Ribbit!
Prince Ribbit is moderately wounded.
You kill the iguana!
Prince Ribbit hits you!
* * * LOW HITPOINT WARNING * * *
Your Axes skill increases to level 7!
Unknown command.
Unknown command.
Unknown command.
Unknown command.
Unknown command.
Unknown command.
Unknown command.
It was a potion of mutation.
You feel extremely strange. A pair of horns grows on your head!
You block Prince Ribbit's attack.
It was a potion of brilliance.
You feel clever all of a sudden. You block Prince Ribbit's attack.
Prince Ribbit hits you!
You die...

.##..## ...≈≈≈≈≈≈≈≈
.....## §....F. #.....#
#.#.# ##...## #...# ##.##
#.### #.# #.# #.# #)#
##'## #.# ##...## #@#
#.....## ####F##
.......## ##.##..#
........####...##.######.
..).....'................
........####...##.######.
.......## ##.###.#
#.<...## ### #.# ##...##
#.#


You could see Prince Ribbit.

Vanquished Creatures
  Sigmund (D:4)
  A steam dragon (D:5)
  A howler monkey (D:4)
  A jelly (D:3)
  A hound (D:3)
  An iguana (D:5)
  5 adders
  An ufetubus (D:4)
  2 worms
  3 dart slugs
  23 orcs
  4 ball pythons
  5 endoplasms
  4 giant cockroaches
  8 goblins
  7 hobgoblins
  6 jackals
  3 bats
  6 frilled lizards
  16 kobolds
  6 rats
105 creatures vanquished.

Notes
Turn   | Place    | Note
-------+----------+-------------------------------------------
     0 | D:1      | drugrobin the Demigod Fighter began the quest for the Orb.
     0 | D:1      | Reached XP level 1. HP: 18/18 MP: 3/3
     3 | D:1      | Noticed a minotaur zombie
     3 | D:1      | Noticed a merfolk zombie
    17 | D:1      | Noticed a demonspawn zombie
    50 | D:1      | Reached skill level 2 in Axes
   442 | D:1      | Reached XP level 2. HP: 23/25 MP: 4/4
   764 | D:1      | Reached skill level 3 in Axes
   955 | D:2      | Reached XP level 3. HP: 27/30 MP: 5/5
  1354 | D:2      | Reached skill level 4 in Axes
  1731 | D:2      | Reached XP level 4. HP: 20/37 MP: 6/6
  2113 | D:3      | Noticed an ice beast
  2960 | D:3      | Reached skill level 5 in Axes
  2960 | D:3      | Reached XP level 5. HP: 34/42 MP: 7/7
  3218 | D:4      | Noticed Sigmund
  3883 | D:4      | HP: 2/42 [something (1)]
  3884 | D:4      | Killed Sigmund
  3885 | D:4      | Reached skill level 6 in Axes
  3885 | D:4      | Reached XP level 6. HP: 3/50 MP: 8/8
  4502 | D:5      | Entered Level 5 of the Dungeon
  4552 | D:5      | Noticed a steam dragon
  4566 | D:5      | Killed a steam dragon
  4566 | D:5      | HP: 1/50 [something (12)]
  5053 | D:5      | Noticed Prince Ribbit
  5088 | D:5      | Reached skill level 7 in Axes
  5088 | D:5      | Gained mutation: You have a pair of small horns on your
                  | head. [potion of mutation]
  5089 | D:5      | Slain by Prince Ribbit

Illustrated notes

Levels and vault maps discovered:
D:1:      shiori_arrival_whats_in_store_for_you, layout_loops_ring,
          nrook_campfire, amcnicky_mini_corridor_feature
D:2:      layout_rooms, guppyfry_early_orc_mine
D:3:      layout_basic, grunt_temple_overflow_growth_and_decay,
          nicolae_hepliaklqana_hippocampus, nicolae_ashenzari_skybound
D:4:      layout_cave_pools, fiery_altar_vehumet, kennysheep_mini_moat,
          uniq_sigmund
D:5:      cheibrodos_thug_alley, layout_loops_corners,
          mainiacjoe_overflow_brackets, uniq_prince_ribbit1

Skill      XL: |  1  2  3  4  5  6 |
---------------+-------------------+-----
Axes           | 2 3 4 5 6 7 |  7.0
Fighting       | 3 |  3.5
Armour         | |  2.6
Shields        | |  2.6

Action                   |  1- 3 |  4- 6 || total
-------------------------+-------+-------++-------
Melee: War axe           |   116 |    97 ||   213
       Mace              |       |    69 ||    69
       Whip              |       |    24 ||    24
 Fire: Hunting sling     |    10 |     8 ||    18
Throw: Stone             |     6 |     2 ||     8
       Boomerang         |       |     4 ||     4
  Use: Potion            |       |     3 ||     3
Armor: Scale mail        |    69 |    88 ||   157
Dodge: Dodged            |    38 |    93 ||   131
Block: Buckler           |    28 |    44 ||    72

Table legend: (Time is in decaauts)
 A = Elapsed time spent in this place.
 B = Non-inter-level travel time spent in this place.
 C = Inter-level travel time spent in this place.
 D = Time resting spent in this place.
 E = Time spent auto-exploring this place.
 F = Levels seen in this place.
 G = Mean time per level.
                   A        B        C        D        E       F      G
               +--------+--------+--------+--------+--------+-----+--------+
         Total |   5190 |   4912 |    278 |   1280 |   2509 |   5 | 1038.0 |
       Dungeon |   5190 |   4912 |    278 |   1280 |   2509 |   5 | 1038.0 |
               +--------+--------+--------+--------+--------+-----+--------+

Top non-repeatable levels by time:
     D:2: 1498 daAuts
     D:4: 1209 daAuts
     D:3: 955 daAuts
     D:1: 937 daAuts
     D:5: 588 daAuts
